AoeStats
← Franklin

African Clearing

510683963Analyzed
3v3 RM · 1d ago on Oct 2, 2026· 40m 46s· 6 players
Game mode
Random Map
Map size
Normal (6 player)
Population
200
Speed
Normal
Resources
Standard
Victory
Conquest
Starting age
Dark Age
Ending age
Imperial Age
RankedLock teamsTeams togetherTeam positionsShared explorationLock speedFull tech treeHidden civsTurbo modeCheats
Victory
Defeat
🇦🇷 Aztecs · Argentina
988
+13
🇨🇴 Britons · Colombia
950
+15
🇨🇳 Magyars · China
948
+15
🇦🇷 Turks · Argentina
935
-15
🇦🇷 Inca · Argentina
933
-14
🇦🇷 Huns · Argentina
924
-14
Neor2526
7:32 Loom
15:40 Feudal Age
20:35 Castle Age
21:04 Wheelbarrow
23:10 Fletching
23:54 Crossbowman
25:46 Double-Bit Axe
25:57 Gold Mining
26:48 Bodkin Arrow
27:46 Padded Archer Armor
27:48 Horse Collar
28:53 Ballistics
34:42 Imperial Age
35:49 Hand Cart
35:57 Conscription
35:00 Arbalester
36:09 Bracer
37:13 Yeomen
38:40 Leather Archer Armor
40:09 Chemistry
Joy Games Interactive
6:07 Loom
16:03 Feudal Age
17:30 Man-at-Arms
23:28 Fletching
28:35 Scale Mail Armor
30:49 Arson
32:26 Forging
40:05 Castle Age
40:49 Squires
把人生埋在四季
7:43 Loom
16:50 Feudal Age
17:35 Double-Bit Axe
19:20 Wheelbarrow
20:55 Horse Collar
23:20 Castle Age
23:12 Bloodlines
23:36 Scale Barding Armor
24:52 Chain Barding Armor
25:38 Bow Saw
28:09 Hand Cart
28:00 Husbandry
31:51 Gold Mining
31:53 Stone Mining
39:17 Imperial Age
39:17 Ballistics
38:39 Treadmill Crane
39:24 Ballistics
39:08 Heavy Plow
39:02 Fletching
39:14 Padded Archer Armor
39:55 Gold Shaft Mining
40:29 Conscription
Franklin
4:52 Loom
14:57 Feudal Age
16:48 Double-Bit Axe
18:00 Forging
18:39 Champi Runner
21:09 Scale Mail Armor
24:38 Arson
28:19 Fletching
30:15 Horse Collar
31:03 Padded Archer Armor
33:13 Castle Age
33:51 Bodkin Arrow
34:12 Leather Archer Armor
33:23 Elite Skirmisher
34:01 Pikeman
35:24 Bow Saw
36:03 Squires
38:31 Iron Casting
38:11 Chain Mail Armor
39:05 Thumb Ring
40:11 Andean Sling
Blessed5887
11:58 Loom
15:46 Feudal Age
21:43 Forging
29:55 Scale Barding Armor
Mek666nix
3:50 Loom
15:07 Feudal Age
20:53 Castle Age
21:22 Double-Bit Axe
21:29 Gold Mining
21:34 Stone Mining
29:08 Imperial Age
28:54 Horse Collar
Connection lost

Rejoining the realm…

Still unreachable

The connection could not be restored.

Session expired

The server has moved on; the page needs a fresh start.